 Dungeon Crawl Stone Soup version 0.27-a0-1101-ge311f74bc8 (webtiles) character file.

Game seed: 11082460806933650107

22531 Sweetruy1997 the Basher (level 12, -3/82 HPs)
             Began as a Demonspawn Chaos Knight on Jan 16, 2021.
             Was a Plaything of Xom.
             Killed by divine providence
             ... invoked by a meliai
              (9 damage)
             ... on level 13 of the Dungeon on Apr 29, 2021.
             The game lasted 00:45:19 (12276 turns).

Sweetruy1997 the Basher (Demonspawn Chaos Knight)  Turns: 12276, Time: 00:45:19

Health: -3/82      AC: 13    Str: 22    XL:     12   Next: 63%
Magic:  3/3        EV: 14    Int: 16    God:    Xom [....*.]
Gold:   1136       SH: 19    Dex: 24    Spells: 11/11 levels left

rFire    + + +     SeeInvis .   H - +11 whip "Risur" {vorpal, Str+3 Dex+4}
rCold    . . .     Faith    .   p - +3 kite shield
rNeg     . . .     Spirit   .   C - +3 leather armour of the Armadillo {Rampage Regen+ Str-5 Stlth+}
rPois    .         Reflect  .   k - +0 helmet
rElec    .         Harm     .   t - scarf {rC+ rF+}
rCorr    .         Rampage  +   (no gloves)
Will     .....     NoTele   +   A - +5 pair of boots of Mivvibring {-Tele Regen+ Str+2}
Stlth    ++++......             s - amulet "Kuapial" {Regen+ MP-9 Str+2 Dex+7}
HPRegen  3.23/turn              j - +4 ring of slaying
MPRegen  0.08/turn              y - ring of Fudaps {rC- Str+6 Int+5}

@: cleaving, studying Fighting
A: hooves 2, fire resistance 2, powered by death 2, flame cloud immunity, sharp
scales 1, large bone plates 1, clumsy 2, deformed body, dopey 1, frail 1, sense
surroundings 1
a: Renounce Religion


You were on level 13 of the Dungeon.
You worshipped Xom.
You were a beloved toy of Xom.
You visited 4 branches of the dungeon, and saw 16 of its levels.

You collected 1136 gold pieces.

Inventory:

Hand Weapons
 b - the +8 mace "Grum" {vorpal, Dex+4}
   (You found it on level 8 of the Dungeon)

   It inflicts extra damage upon your enemies.
   It affects your dexterity (+4).
 x - a +6 dagger of chaos
 H - the +11 whip "Risur" (weapon) {vorpal, Str+3 Dex+4}
   (You found it on level 9 of the Dungeon)

   It inflicts extra damage upon your enemies.
   It affects your strength (+3).
   It affects your dexterity (+4).
Missiles
 w - 9 curare-tipped darts (quivered)
Armour
 k - a +0 helmet (worn)
 p - a +3 kite shield (worn)
 t - a scarf of resistance (worn)
 A - the +5 pair of boots of Mivvibring (worn) {-Tele Regen+ Str+2}
   (You found it on level 5 of the Dungeon)

   It affects your strength (+2).
   It prevents most forms of teleportation.
   It increases your rate of health regeneration.
 C - the +3 leather armour of the Armadillo (worn) {Rampage Regen+ Str-5 Stlth+}
   (You found it on level 9 of the Dungeon)

   It affects your strength (-5).
   It increases your rate of health regeneration.
   It bestows one free step when moving towards enemies.
   It makes you more stealthy.
 G - a +4 chain mail of fire resistance
Jewellery
 a - a ring of see invisible
 c - a ring of ice
 j - a +4 ring of slaying (left hand)
 l - a ring of resist corrosion
 m - a ring of fire
 s - the amulet "Kuapial" (around neck) {Regen+ MP-9 Str+2 Dex+7}
   (You acquired it on level 10 of the Dungeon)

   [amulet of regeneration]

   It affects your strength (+2).
   It affects your dexterity (+7).
   It affects your magic capacity (-9).
   It increases your rate of health regeneration.
 v - a +4 ring of evasion
 y - the ring of Fudaps (right hand) {rC- Str+6 Int+5}
   (You found it on level 5 of the Dungeon)

   [ring of strength]

   It affects your strength (+6).
   It affects your intelligence (+5).
   It makes you vulnerable to cold.
 K - a ring of willpower
Wands
 o - a wand of iceblast (22)
 u - a wand of flame (10)
 B - a wand of acid (13)
Scrolls
 e - 8 scrolls of teleportation
 g - 3 scrolls of fear
 q - 2 scrolls of fog
 r - a scroll of blinking
 E - a scroll of magic mapping
 J - a scroll of noise {unknown}
 L - a scroll of enchant armour
Potions
 d - 3 potions of brilliance
 f - 3 potions of curing
 h - a potion of lignification
 i - a potion of heal wounds
 n - 2 potions of might
 z - a potion of haste {unknown}
 D - a potion of cancellation {unknown}
 F - a potion of flight {unknown}
 I - 2 potions of invisibility {unknown}


   Skills:
 + Level 8.0 Fighting
 - Level 8.2 Short Blades
 - Level 12.0 Maces & Flails
 - Level 6.0 Throwing
 + Level 4.6 Armour
 + Level 5.2 Dodging
 + Level 4.3 Stealth
 + Level 7.0 Shields
 - Level 0.2 Conjurations
 - Level 0.2 Necromancy
 - Level 0.1 Invocations
 + Level 1.3 Evocations


You had 11 spell levels left.
You didn't know any spells.
Your spell library contained the following spells:

 Spells                   Type           Power      Damage    Failure   Level
 Apportation              Tloc           0%         N/A       63%         1
 Manifold Assault         Tloc           0%         N/A       100%        5
 Disjunction              Tloc           0%         N/A       100%        8


Dungeon Overview and Level Annotations

Branches:
Dungeon (13/15)            Temple (1/1) D:7            Lair (1/6) D:10
    Orc (1/2) D:11
 Vaults: D:13-14

Altars:
Ashenzari
Cheibriados
Dithmenos
Elyvilon
Fedhas
Gozag
Hepliaklqana
Kikubaaqudgha
Makhleb
Nemelex Xobeh
Okawaru
Qazlal
Ru
Sif Muna
Trog
Uskayaw
Vehumet
Wu Jian
Xom
Yredelemnul
Zin
The Shining One


Innate Abilities, Weirdness & Mutations

You have hoof-like feet.
Your flesh is very heat resistant. (rF++)
You regenerate health from kills.
You are immune to clouds of flame.
You are partially covered in razor-sharp scales. (AC +1, Slay +1)
You are partially covered in large bone plates. (SH +4)
You are very clumsy. (Dex -4)
Armour fits poorly on your strangely shaped body.
You are dopey. (Int -2)
You are frail. (-10% HP)
You passively map a small area around you.


Message History

The meliai hits you with a +0 vorpal hand axe!
The meliai closely misses you.
You block the vampire mosquito's attack.
The meliai barely misses you. The meliai stings you.
The meliai hits you with a +0 vorpal hand axe!
You block the meliai's attack. x2; The meliai misses you.
The meliai mumbles some strange prayers to its god against you.
Something smites you!
You block the vampire mosquito's attack.
The vampire mosquito barely misses you. The meliai barely misses you.
You block the meliai's attack.
You block the vampire mosquito's attack.
You block the meliai's attack. The meliai closely misses you.
The meliai mumbles some strange prayers to its god against you.
Something smites you!
You block the vampire mosquito's attack.
The meliai hits you with a +0 hand axe!
* * * LOW HITPOINT WARNING * * *
You block the meliai's attack.
The meliai calls down the wrath of its god upon you.
Something smites you!
* * * LOW HITPOINT WARNING * * *
You block the vampire mosquito's attack. x2
You feel much better.
The meliai hits you with a +0 vorpal hand axe!
* * * LOW HITPOINT WARNING * * *
x2 You block the meliai's attack.
The meliai calls down the wrath of its god upon you.
Something smites you!
* * * LOW HITPOINT WARNING * * *
The vampire mosquito bites you but does no damage.
The meliai completely misses you. You block the meliai's attack. x2
The meliai closely misses you. You block the meliai's attack.
The meliai stings you but does no damage.
The vampire mosquito bites you but does no damage.
The meliai closely misses you. x2
The meliai invokes the aid of its god against you.
Something smites you!
You die...
Xom snickers!

, , #...# ###...... .,,
#...###........ ,
...##....#.....#...#
........).))...#....
#.......†#).#.#.....# *
,...#...###)..#........
.......##...#.........
.......#..<.#........#
..........@y.........# ,
.........yyy.......... ,
,
,.........y............,
...........y..........
...................
,................... ,
,, ................).. ,
, ................... ,
,,...................


You could see 3 vampire mosquitoes and 3 meliai.

Vanquished Creatures
  The ghost of karrick the Thaumaturge, a journeyman DjFE of Okawaru (D:12)
  A centaur warrior (D:13)
  A boulder beetle (D:11)
  The ghost of nabalzbhf the Basher, a novice PaMo of Okawaru (D:8)
  A tengu warrior (D:12)
  4 two-headed ogres
  Sonja (D:11)
  The ghost of bilbop the Magician, a novice DjCj (D:8)
  The ghost of TODO the Thaumaturge, a novice DEFE of Vehumet (D:8)
  An ugly thing (D:12)
  A cyclops (D:12)
  A gargoyle (D:12)
  2 komodo dragons (Lair:1)
  2 cane toads (Lair:1)
  A black mamba (Lair:1)
  Maggie (D:9)
  An efreet (D:12)
  2 unseen horrors
  4 kobold demonologists
  A polar bear (Lair:1)
  A troll (D:13)
  3 blink frogs (Lair:1)
  A meliai zombie (D:11)
  5 slime creatures
  3 shadows
  3 basilisks
  6 wyverns
  8 yaks
  8 vampire mosquitoes
  4 water moccasins
  An acid dragon (D:11)
  A black bear (D:5)
  A hornet zombie (D:7)
  2 orc warriors
  A sky beast (D:6)
  A necrophage (D:7)
  An ogre (D:5)
  5 centaurs
  6 kobold brigands
  A wyvern zombie (D:8)
  5 bullfrogs
  2 scorpions (D:5)
  3 wights (D:8)
  3 killer bees (D:8)
  4 electric eels
  A howler monkey (D:8)
  5 centaur zombies
  An orc priest (D:12)
  3 hounds
  5 iguanas
  A centaur skeleton (D:3)
  7 orc wizards
  A hound zombie (D:5)
  A howler monkey zombie (D:8)
  A howler monkey skeleton (D:4)
  4 adders
  A white imp (D:6)
  4 endoplasms
  4 worms
  2 dart slugs (D:1)
  23 orcs
  2 removed leopard geckos (D:1)
  4 bats
  3 giant cockroaches (D:1)
  8 goblins
  4 hobgoblins
  11 jackals
  19 kobolds
  3 quokkas
  3 ball pythons
  4 frilled lizards
  2 rats
  A bush (Lair:1)
236 creatures vanquished.

Vanquished Creatures (collateral kills)
  The ghost of Snikeer the Destroyer, a novice GrCj (D:10)
  A wight (D:8)
  An orc (D:8)
  A hobgoblin (D:2)
  A kobold (D:10)
5 creatures vanquished.

Vanquished Creatures (others)
  A centaur warrior (D:13)
  A centaur (D:13)
  A goblin (D:4)
  A kobold (D:8)
  A frilled lizard (D:8)
  2 fungi (D:7)
  13 plants
  5 toadstools (D:7)
25 creatures vanquished.

Grand Total: 266 creatures vanquished

Notes
Turn   | Place    | Note
-------+----------+-------------------------------------------
     0 | D:1      | Sweetruy1997 the Demonspawn Chaos Knight began the quest
                  | for the Orb.
     0 | D:1      | Reached XP level 1. HP: 18/18 MP: 1/1
     4 | D:1      | XOM: silly message
    81 | D:1      | Reached skill level 1 in Dodging
   188 | D:1      | Gained mutation: You have large cloven feet. [demonic
                  | ancestry]
   188 | D:1      | Reached XP level 2. HP: 7/24 MP: 2/2
   194 | D:1      | Upgraded the game from 0.27-a0-92-g39ad13b146 to
                  | 0.27-a0-148-g9515ab555c
   204 | D:1      | XOM: silly message
   428 | D:1      | XOM: silly message
   583 | D:1      | XOM: silly message
   591 | D:1      | XOM: 4-stop teleportation journey
   631 | D:1      | Reached skill level 3 in Maces & Flails
   826 | D:1      | Gained mutation: You regenerate a little health from kills.
                  | [demonic ancestry]
   826 | D:1      | Reached XP level 3. HP: 29/29 MP: 3/3
   893 | D:1      | Upgraded the game from 0.27-a0-148-g9515ab555c to
                  | 0.27-a0-1101-ge311f74bc8
   904 | D:1      | XOM: god gift: scroll labelled MASTRA CAOSE {god gift}
  1174 | D:2      | XOM: stat loss: -1 Dex (12/13)
  1175 | D:2      | XOM: enchant monster (bad)
  1177 | D:2      | XOM: give mutations
  1177 | D:2      | Gained mutation: You are agile. (Dex +2) [Xom's mischief]
  1177 | D:2      | Gained mutation: You are frail. (-10% HP) [Xom's mischief]
  1177 | D:2      | Gained mutation: You are dopey. (Int -2) [Xom's mischief]
  1177 | D:2      | Lost mutation: You are dopey. (Int -2) [Xom's mischief]
  1217 | D:2      | XOM: torment (13/26 hp)
  1344 | D:2      | XOM: scenery: summon butterflies
  1493 | D:2      | XOM: summons friendly chaos spawn
  1600 | D:2      | XOM: 9-stop teleportation journey
  1649 | D:2      | XOM: god gift: staff of cold
  1686 | D:2      | XOM: scenery: summon butterflies
  2142 | D:2      | Reached XP level 4. HP: 26/32 MP: 4/4
  2219 | D:2      | XOM: give mutations
  2219 | D:2      | Gained mutation: A frigid envelope surrounds you and
                  | freezes all who hurt you. [Xom's grace]
  2219 | D:2      | Gained mutation: Your muscles are strong. (Str +2) [Xom's
                  | grace]
  2219 | D:2      | Gained mutation: You have sharp fingernails. [Xom's grace]
  2219 | D:2      | Gained mutation: You possess an exceptional clarity of
                  | mind. [Xom's grace]
  2272 | D:2      | XOM: give mutations
  2272 | D:2      | Lost mutation: Your muscles are strong. (Str +2) [Xom's
                  | mischief]
  2272 | D:2      | Gained mutation: Your body sometimes deteriorates upon
                  | taking damage. [Xom's mischief]
  2272 | D:2      | Lost mutation: You are frail. (-10% HP) [Xom's mischief]
  2383 | D:2      | XOM: scenery: summon butterflies
  2534 | D:3      | XOM: scenery: 1 doors open
  2546 | D:3      | XOM: god gift: robe {god gift}
  2582 | D:3      | You fall into a shaft and drop 1 floor!
  2746 | D:4      | XOM: 1-stop teleportation journey
  2766 | D:4      | XOM: cast spell 'Cause Fear'
  2775 | D:4      | Reached skill level 4 in Maces & Flails
  2775 | D:4      | Gained mutation: Your flesh is heat resistant. (rF+)
                  | [demonic ancestry]
  2775 | D:4      | Reached XP level 5. HP: 27/42 MP: 5/5
  2876 | D:4      | Found a shimmering altar of Xom.
  3062 | D:4      | XOM: 2-stop teleportation journey
  3345 | D:3      | XOM: draining
  3402 | D:3      | Reached skill level 1 in Stealth
  3585 | D:3      | Found a faded altar of an unknown god.
  3800 | D:3      | XOM: scenery: summon butterflies
  3836 | D:3      | XOM: give mutations
  3836 | D:3      | Gained mutation: You expend magic power (3 MP) to
                  | strengthen your wands. [Xom's grace]
  3836 | D:3      | Gained mutation: Your spells are a little harder to cast,
                  | but a little more powerful. [Xom's grace]
  4042 | D:3      | XOM: divination: detect items
  4365 | D:4      | XOM: chaos upgrade
  4448 | D:5      | Entered Level 5 of the Dungeon
  4454 | D:5      | Reached skill level 1 in Shields
  4454 | D:5      | Gained mutation: You have hoof-like feet. [demonic
                  | ancestry]
  4454 | D:5      | Reached XP level 6. HP: 45/48 MP: 6/6
  4496 | D:5      | Identified the +5 pair of boots of Mivvibring {-Tele Regen+
                  | Str+2}
  4548 | D:5      | Identified the ring of Fudaps {rC- Str+6 Int+5}
  4582 | D:5      | Reached skill level 1 in Short Blades
  4591 | D:5      | Found an iron altar of Okawaru.
  4665 | D:5      | Found a radiant altar of Vehumet.
  4665 | D:5      | XOM: swap monsters
  4667 | D:5      | Found a burning altar of Makhleb.
  4669 | D:5      | Reached skill level 1 in Throwing
  4669 | D:5      | Gained mutation: You are immune to clouds of flame.
                  | [demonic ancestry]
  4669 | D:5      | Reached XP level 7. HP: 54/54 MP: 7/7
  4670 | D:5      | Found an opulent altar of Gozag.
  4683 | D:5      | Found a sparkling altar of Nemelex Xobeh.
  4685 | D:5      | Found a sacrificial altar of Ru.
  4686 | D:5      | Found a hide-covered altar of Uskayaw.
  4736 | D:5      | XOM: silly message
  4761 | D:5      | XOM: silly message
  4860 | D:5      | XOM: divination: magic mapping
  4883 | D:5      | XOM: divination: magic mapping
  5162 | D:6      | XOM: noise
  5173 | D:6      | XOM: potion effect (invisibility)
  5240 | D:6      | Noticed a wyvern
  5247 | D:6      | XOM: blink monster(s)
  5249 | D:6      | Killed a wyvern
  5250 | D:6      | Reached XP level 8. HP: 60/60 MP: 8/8
  5624 | D:7      | XOM: give mutations
  5624 | D:7      | Lost mutation: You are agile. (Dex +2) [Xom's mischief]
  5624 | D:7      | Gained mutation: You sometimes lose the ability to read
                  | scrolls when taking damage. [Xom's mischief]
  5625 | D:7      | XOM: noise
  5641 | D:7      | XOM: silly message
  5643 | D:7      | Reached skill level 5 in Short Blades
  5728 | D:7      | XOM: silly message
  5782 | D:7      | XOM: polymorph centaur -> basilisk
  5919 | D:7      | XOM: stat loss: -1 Int (17/18)
  6075 | D:7      | Found a staircase to the Ecumenical Temple.
  6114 | Temple   | Entered the Ecumenical Temple
  6560 | D:8      | XOM: silly message
  6579 | D:8      | XOM: polymorph kobold -> jackal
  6615 | D:8      | XOM: polymorph orc -> frilled lizard
  6632 | D:8      | XOM: chaos upgrade
  6639 | D:8      | Reached XP level 9. HP: 62/65 MP: 9/9
  6707 | D:8      | Identified the +8 mace "Grum" {vorpal, Dex+4}
  6745 | D:8      | Found a runed translucent gate.
  6745 | D:8      | Found a runed translucent gate.
  6746 | D:8      | Found a runed translucent gate.
  6746 | D:8      | Noticed nabalzbhf's ghost (novice PaMo)
  6747 | D:8      | Noticed TODO's ghost (novice DEFE)
  6748 | D:8      | Noticed bilbop's ghost (novice DjCj)
  6773 | D:8      | XOM: swap monsters
  6775 | D:8      | XOM: noise
  6776 | D:8      | Killed TODO's ghost
  6776 | D:8      | XOM: silly message
  6777 | D:8      | Reached skill level 5 in Maces & Flails
  6780 | D:8      | Killed bilbop's ghost
  6781 | D:8      | Reached skill level 7 in Maces & Flails
  6784 | D:8      | Killed nabalzbhf's ghost
  6785 | D:8      | Reached skill level 8 in Maces & Flails
  7136 | D:8      | XOM: god gift: 48 gold pieces
  7272 | D:8      | XOM: summons 1 hostile demon
  7303 | D:8      | XOM: silly message
  7627 | D:9      | Noticed Maggie
  7636 | D:9      | Killed Maggie
  7637 | D:9      | Reached XP level 10. HP: 67/71 MP: 10/10
  7649 | D:9      | Identified the +3 leather armour of the Armadillo {Rampage
                  | Regen+ Str-5 Stlth+}
  7722 | D:9      | Reached skill level 9 in Maces & Flails
  7777 | D:9      | Identified the +11 whip "Risur" {vorpal, Str+3 Dex+4}
  7805 | D:9      | Noticed a two-headed ogre
  7820 | D:9      | Killed a two-headed ogre
  7875 | D:9      | XOM: divination: detect creatures
  7882 | D:9      | Reached skill level 10 in Maces & Flails
  8141 | D:9      | XOM: summons friendly crimson imp
  8170 | D:9      | XOM: smoke on damage
  8366 | D:9      | XOM: give mutations
  8366 | D:9      | Gained mutation: Your muscles are strong. (Str +2) [Xom's
                  | grace]
  8366 | D:9      | Gained mutation: You are agile. (Dex +2) [Xom's grace]
  8389 | D:10     | Entered Level 10 of the Dungeon
  8427 | D:10     | Reached skill level 11 in Maces & Flails
  8458 | D:10     | Found a staircase to the Lair.
  8490 | Lair:1   | XOM: stealth player
  8490 | Lair:1   | Entered Level 1 of the Lair of Beasts
  8735 | D:10     | Lost mutation: You have sharp fingernails. [potion of
                  | mutation]
  8735 | D:10     | Lost mutation: Your body sometimes deteriorates upon taking
                  | damage. [potion of mutation]
  8735 | D:10     | Gained mutation: You passively map a small area around you.
                  | [potion of mutation]
  8736 | D:10     | Lost mutation: A frigid envelope surrounds you and freezes
                  | all who hurt you. [potion of mutation]
  8736 | D:10     | Lost mutation: You sometimes lose the ability to read
                  | scrolls when taking damage. [potion of mutation]
  8736 | D:10     | Lost mutation: You are agile. (Dex +2) [potion of mutation]
  8736 | D:10     | Lost mutation: You expend magic power (3 MP) to strengthen
                  | your wands. [potion of mutation]
  8736 | D:10     | Gained mutation: Armour fits poorly on your strangely
                  | shaped body. [potion of mutation]
  8736 | D:10     | Gained mutation: You evolve. [potion of mutation]
  8736 | D:10     | Gained mutation: Your muscles are very strong. (Str +4)
                  | [potion of mutation]
  8737 | D:10     | Lost mutation: Your muscles are very strong. (Str +4)
                  | [potion of mutation]
  8737 | D:10     | Lost mutation: Your muscles are strong. (Str +2) [potion of
                  | mutation]
  8737 | D:10     | Gained mutation: You are clumsy. (Dex -2) [potion of
                  | mutation]
  8737 | D:10     | Gained mutation: You are weak. (Str -2) [potion of
                  | mutation]
  8737 | D:10     | Gained mutation: You expend magic power (3 MP) to
                  | strengthen your wands. [potion of mutation]
  8738 | D:10     | Lost mutation: You evolve. [potion of mutation]
  8738 | D:10     | Lost mutation: You are weak. (Str -2) [potion of mutation]
  8738 | D:10     | Lost mutation: You expend magic power (3 MP) to strengthen
                  | your wands. [potion of mutation]
  8738 | D:10     | Lost mutation: You possess an exceptional clarity of mind.
                  | [potion of mutation]
  8738 | D:10     | Gained mutation: You are frail. (-10% HP) [potion of
                  | mutation]
  8738 | D:10     | Gained mutation: You are dopey. (Int -2) [potion of
                  | mutation]
  8738 | D:10     | Gained mutation: You are partially covered in large bone
                  | plates. (SH +4) [potion of mutation]
  8746 | D:10     | Identified 2 scrolls of acquirement
  8747 | D:10     | Acquired a manual of Fighting
  8749 | D:10     | Acquired the amulet "Kuapial" {Regen+ MP-9 Str+2 Dex+7}
  8872 | D:10     | Found a large runed translucent door.
  8872 | D:10     | Found a large runed translucent door.
  8876 | D:10     | Noticed Snikeer's ghost (novice GrCj)
  8885 | D:10     | Killed Snikeer's ghost
  9188 | Lair:1   | XOM: fog
  9189 | Lair:1   | Gained mutation: You are partially covered in razor-sharp
                  | scales. (AC +1, Slay +1) [demonic ancestry]
  9189 | Lair:1   | Reached XP level 11. HP: 69/69 MP: 2/11
  9202 | Lair:1   | Reached skill level 12 in Maces & Flails
  9248 | Lair:1   | Identified the Grimoire of the Trout
  9465 | Lair:1   | XOM: give mutation
  9465 | Lair:1   | Gained mutation: Your flesh is very heat resistant. (rF++)
                  | [Xom's grace]
  9568 | Lair:1   | Reached skill level 5 in Throwing
  9592 | Lair:1   | XOM: destruction
 10194 | Lair:1   | XOM: divination: detect items
 10414 | D:11     | Reached skill level 5 in Fighting
 10442 | D:11     | XOM: torment (37/71 hp)
 10474 | D:11     | Found a staircase to the Orcish Mines.
 10485 | D:11     | XOM: silly message
 10489 | Orc:1    | Entered Level 1 of the Orcish Mines
 10732 | D:11     | Noticed a boulder beetle
 10740 | D:11     | Killed a boulder beetle
 10741 | D:11     | Reached skill level 1 in Evocations
 10910 | D:11     | XOM: summons 2 hostile shadow creatures
 10914 | D:11     | XOM: blink monster(s)
 11149 | D:11     | Noticed Sonja
 11161 | D:11     | Killed Sonja
 11308 | D:12     | XOM: blink monster(s)
 11320 | D:12     | XOM: summons 6 hostile demons
 11321 | D:12     | Noticed a sun demon
 11334 | D:11     | Gained mutation: You regenerate health from kills. [demonic
                  | ancestry]
 11334 | D:11     | Reached XP level 12. HP: 67/79 MP: 3/12
 11414 | D:12     | Noticed a two-headed ogre
 11421 | D:12     | XOM: swap monsters
 11426 | D:12     | Killed a two-headed ogre
 11427 | D:12     | Reached skill level 5 in Shields
 11488 | D:12     | XOM: give mutation
 11488 | D:12     | Gained mutation: You are very clumsy. (Dex -4) [Xom's
                  | mischief]
 11548 | D:12     | Found an opulent altar of Gozag.
 11584 | D:12     | XOM: give mutation
 11584 | D:12     | Lost mutation: Your spells are a little harder to cast, but
                  | a little more powerful. [Xom's mischief]
 11678 | D:12     | Noticed a two-headed ogre
 11679 | D:12     | Noticed a two-headed ogre
 11683 | D:12     | Noticed a tengu warrior
 11688 | D:12     | Killed a two-headed ogre
 11695 | D:12     | Killed a two-headed ogre
 11705 | D:12     | XOM: summons friendly crimson imp
 11712 | D:12     | Killed a tengu warrior
 11714 | D:12     | XOM: smoke on damage
 11734 | D:12     | XOM: draining
 11782 | D:12     | Found a runed translucent gate.
 11782 | D:12     | Found a runed translucent gate.
 11782 | D:12     | Found a runed translucent gate.
 11783 | D:12     | Noticed karrick's ghost (journeyman DjFE)
 11789 | D:12     | XOM: noise
 11790 | D:12     | XOM: summons friendly white imp
 11805 | D:12     | XOM: potion effect (invisibility)
 11809 | D:12     | XOM: cast spell 'Call Canine Familiar'
 11837 | D:12     | Killed karrick's ghost
 12224 | D:13     | Noticed a centaur warrior
 12227 | D:13     | Killed a centaur warrior
 12227 | D:13     | XOM: divine lightning
 12232 | D:13     | XOM: fog
 12233 | D:13     | Reached skill level 5 in Dodging
 12243 | D:13     | XOM: cleaving
 12244 | D:13     | XOM: cleaving
 12244 | D:13     | Noticed a centaur warrior
 12256 | D:13     | Killed a centaur warrior
 12275 | D:13     | HP: 3/82 [meliai/divine providence (11)]
 12276 | D:13     | Killed from afar by a meliai

Illustrated notes

Levels and vault maps discovered:
D:1:      dpeg_arrival_simpleton_c, layout_basic, hangedman_decor_lopped
D:2:      layout_basic
D:3:      layout_basic, ebering_ecumenical_altar_box
D:4:      layout_basic, amcnicky_altar_gilded
D:5:      layout_rooms, minitemple, okawaru_metal_pillars_3
D:6:      cheibrodos_helix_gallery, layout_basic
D:7:      layout_loops_cross, minmay_temple_entry_trees,
          minmay_gold_behind_fungi
D:8:      layout_layer_cave, gammafunk_ghost_cemetery
D:9:      layout_long_grid, tso_altar, uniq_maggie
D:10:     layout_loops_ring, dpeg_oklobed_lair, ebering_ghost_disaster_area
D:11:     layout_loops_corners, orc_0_dummy, uniq_sonja
D:12:     layout_long_grid, ebering_ghost_rock_garden, st_stairs_11,
          grunt_gozag_breadcrumbs
D:13:     layout_cross, drop_trap
Temple:   dshaligram_water_room_temple
Lair:1:   layout_cave_pods, st_stairs_5, wad_woods_road_01,
          infiniplex_staircase_pool, grunt_megastairs_3, serial_bayou_shore_a
Orc:1:    layout_diamond_mine

Skill      XL: |  1  2  3  4  5  6  7  8  9 10 11 12 |
---------------+-------------------------------------+-----
Dodging        | 1 2 3 5 |  5.2
Armour         | 2 3 4 |  4.6
Maces & Flails | 3 4 8 11 12 | 12.0
Stealth        | 1 2 4 |  4.3
Fighting       | 4 6 8 |  8.0
Shields        | 1 4 7 |  7.0
Short Blades   | 2 4 7 8 |  8.2
Throwing       | 1 4 6 |  6.0
Evocations     | 1 |  1.3
Conjurations   | |  0.2
Necromancy     | |  0.2
Invocations    | |  0.1

Action                   |  1- 3 |  4- 6 |  7- 9 | 10-12 || total
-------------------------+-------+-------+-------+-------++-------
Melee: Mace              |   110 |    74 |    42 |     3 ||   229
       Kick              |    15 |    23 |       |       ||    38
       Dagger            |       |    27 |   123 |       ||   150
       Whip              |       |       |       |   452 ||   452
Throw: Dart              |       |     5 |    41 |   103 ||   149
Evoke: Wand              |       |       |       |     5 ||     5
  Use: Scroll            |     7 |     3 |     7 |    14 ||    31
       Potion            |       |       |     2 |     5 ||     7
 Stab: Petrified         |       |     7 |       |       ||     7
       Paralysed         |       |     1 |     1 |       ||     2
       Invisible         |       |       |     1 |     3 ||     4
       Confused          |       |       |     2 |       ||     2
       Sleeping          |       |       |       |     4 ||     4
       Distracted        |       |       |       |     1 ||     1
Armor: Leather armour    |    47 |    22 |    17 |   107 ||   193
       Chain mail        |       |       |    34 |       ||    34
Dodge: Dodged            |    64 |    76 |    63 |   119 ||   322
Block: Kite shield       |       |    35 |    64 |   288 ||   387

Table legend: (Time is in decaauts)
 A = Elapsed time spent in this place.
 B = Non-inter-level travel time spent in this place.
 C = Inter-level travel time spent in this place.
 D = Time resting spent in this place.
 E = Time spent auto-exploring this place.
 F = Levels seen in this place.
 G = Mean time per level.
                   A        B        C        D        E       F      G
               +--------+--------+--------+--------+--------+-----+--------+
         Total |  12256 |  11742 |    514 |   1030 |   8487 |  16 |  766.0 |
       Dungeon |  10902 |  10456 |    446 |    984 |   7531 |  13 |  838.6 |
        Temple |    132 |    110 |     22 |      0 |    109 |   1 |  132.0 |
          Lair |   1219 |   1173 |     46 |     46 |    847 |   1 | 1219.0 |
  Orcish Mines |      1 |      1 |      0 |      0 |      0 |   1 |    1.0 |
               +--------+--------+--------+--------+--------+-----+--------+

Top non-repeatable levels by time:
     D:2: 1481 daAuts
     D:8: 1232 daAuts
  Lair:1: 1219 daAuts
     D:1: 1073 daAuts
     D:4: 1014 daAuts
    D:11: 945 daAuts
     D:3: 932 daAuts
    D:12: 819 daAuts
     D:7: 768 daAuts
     D:9: 764 daAuts
    D:10: 761 daAuts
     D:6: 543 daAuts
     D:5: 520 daAuts
  Temple: 132 daAuts
    D:13: 44 daAuts
